[Event "Coimbra Queima Fitas Open 2024"]
[Site "Coimbra"]
[Date "2024.04.27"]
[Round "4.14"]
[White "Ryabukhin, Roman"]
[Black "Figueiredo, Mario Jose Da Rocha"]
[Result "1-0"]
[ECO "A42"]
[WhiteElo "2047"]
[BlackElo "1874"]
[Annotator "TA"]
[PlyCount "75"]
[EventDate "2024.04.23"]
[EventType "swiss"]
[EventCountry "POR"]
[SourceTitle "playchess.com"]
[Source "ChessBase"]
[SourceQuality "1"]
[TimeControl "5400+30"]

1. e4 d6 2. d4 g6 3. c4 Bg7 4. Nc3 Nc6 5. Be3 e5 6. d5 Nce7 7. f3 f5 8. b4 a5 9. a3 axb4 {[%emt 0:03:20] The position is equal.} 10. axb4 Rxa1 11. Qxa1 Nf6 12. Bd3 O-O 13. Nge2 f4 (13... fxe4 $11 14. Nxe4 Nxe4 15. Bxe4 Nf5) 14. Bf2 $14 g5 15. Kd2 (15. h3 $14) 15... h5 (15... g4 $1 $11 {remains equal.}) 16. h3 Ng6 17. Nc1 g4 18. hxg4 hxg4 19. Nb3 g3 $1 20. Ba7 (20. Be1 $5) 20... Ne8 ({Better is} 20... Ng4 $11) 21. c5 $36 {[%emt 0:03:27][%mdl 2048] White fights for an advantage. White is more active.} Nh4 22. Bf1 Qg5 (22... Bg4 $14 {is superior.}) 23. Rg1 $16 Bh6 (23... Nf6 $142) 24. Kd3 ({White should try} 24. Kc2) 24... Nf6 (24... Rf7 $142) 25. Nd2 Bd7 26. Qa2 (26. cxd6 $142 cxd6 27. Qa5) 26... Kg7 (26... Ra8 $16 {might work better.}) 27. Qa5 ({White should play} 27. cxd6 $18 cxd6 28. Nc4) 27... Rc8 (27... dxc5 $1 $11 28. bxc5 c6) 28. Nc4 (28. cxd6 $142 cxd6 29. Qb6) 28... Nf5 $2 {[%emt 0:03:21] [#] This move loses the game for Black.} 29. exf5 $18 Bxf5+ 30. Kd2 e4 31. cxd6 e3+ 32. Ke1 cxd6 (32... b6 $142 33. Qa1 Qh5 34. dxc7 Rxc7) 33. Bd4 Kg6 34. Nxd6 Rf8 35. Qb5 Bc2 36. Bd3+ Bxd3 37. Qxd3+ Kg7 38. Nce4 {Weighted Error Value: White=0.35/Black=0.71.  Loses game:     	---       	Black=1      Mistake:       	White=5     	Black=9      Inaccurate:     	White=3     	Black=1      OK:         	White=7     	Black=5      Best:        	White=3     	Black=1      Strong:       	---       	Black=1} 1-0

[Event "Coimbra Queima Fitas Open 2024"]
[Site "Coimbra"]
[Date "2024.04.27"]
[Round "4.15"]
[White "Pereira, Sergio Daniel Costa"]
[Black "Caturra, Rafael Dias"]
[Result "1/2-1/2"]
[ECO "C00"]
[WhiteElo "2037"]
[BlackElo "1737"]
[Annotator "NA RC"]
[PlyCount "109"]
[EventDate "2024.04.23"]
[EventType "swiss"]
[EventCountry "POR"]
[SourceTitle "playchess.com"]
[Source "ChessBase"]
[SourceQuality "1"]
[TimeControl "5400+30"]

1. e4 e6 2. d4 d5 3. Bd3 dxe4 4. Bxe4 Nf6 5. Bf3 c5 6. Ne2 Nc6 {[%emt 0:00:11] C01: French: Exchange Variation.} 7. Be3 e5 8. Bxc6+ bxc6 9. dxe5 Qxd1+ 10. Kxd1 Ng4 11. Nd2 Be7 12. h3 Nxe5 13. f4 Ng6 14. g3 Be6 15. Ke1 Rb8 16. b3 O-O 17. Kf2 Rfe8 18. c4 f5 (18... Rbd8 $11) 19. Rad1 h6 20. Nc3 Nf8 21. Nf3 Nd7 22. Rd3 Kh7 23. Rhd1 Nf6 24. Ne5 Rb6 25. Kf3 Rc8 26. Na4 Ra6 27. Bxc5 Rxa4 28. Bxe7 Rxa2 29. Bxf6 gxf6 30. Nd7 Bxd7 31. Rxd7+ Kg6 32. Re1 $11 Rb8 33. Re3 Ra3 34. Rdd3 a5 35. c5 Rb5 36. Rc3 Rb4 37. g4 a4 38. bxa4 Raxa4 39. Re6 Rxf4+ 40. Kg3 fxg4 41. Rxc6 gxh3 42. Rc8 Rac4 43. Rxc4 Rxc4 44. Kxh3 f5 45. c6 h5 46. c7 Kg7 47. Kg3 Rc3+ 48. Kf4 h4 49. Kxf5 h3 50. Rd8 h2 51. Rd1 Rxc7 52. Rh1 Rc2 53. Kg4 Kg6 54. Kh3 Kg5 55. Rxh2 1/2-1/2

[Event "Coimbra Queima Fitas Open 2024"]
[Site "Coimbra"]
[Date "2024.04.27"]
[Round "4.16"]
[White "Guerra, Jose Goulart De Varg"]
[Black "Iglesias Ferreira, Andres Agustin"]
[Result "1-0"]
[ECO "D48"]
[WhiteElo "1813"]
[BlackElo "2261"]
[Annotator "TA"]
[PlyCount "120"]
[EventDate "2024.04.23"]
[EventType "swiss"]
[EventCountry "POR"]
[SourceTitle "playchess.com"]
[Source "ChessBase"]
[SourceQuality "1"]
[TimeControl "5400+30"]

1. Nf3 Nf6 2. c4 e6 3. Nc3 d5 4. d4 Nbd7 5. e3 c6 6. Bd3 dxc4 7. Bxc4 b5 8. Bd3 a6 9. O-O c5 10. Qe2 Bb7 11. Rd1 Qb8 12. e4 cxd4 13. Nxd4 Bd6 14. h3 O-O 15. Nb3 {[#]} (15. a3 $11 {keeps the balance.}) 15... Qc7 (15... b4 $1 $17 16. Nb1 a5) 16. Be3 $11 Rac8 17. Rac1 Qb8 18. f3 Ne5 19. Qf2 Rfd8 {Strongly threatening ...Nxd3.} 20. Bf1 Ng6 21. Ne2 ({White should play} 21. Ba7 $14 Qa8 22. Bb6) 21... Rxc1 22. Rxc1 Ne5 23. Ned4 Ned7 24. Nc6 Bxc6 25. Rxc6 Bh2+ 26. Kh1 Nh5 {White must now prevent ...Ne5.} 27. g4 (27. Rxa6 $11 Ne5 (27... Ng3+ 28. Kxh2 Nxf1+ 29. Kg1 $17) 28. Ba7 (28. Kxh2 $2 Nxf3+ 29. Kh1 Qh2#) (28. Rb6 $2 Qc7 $19)) 27... Ng3+ $15 28. Kg2 $1 Ne5 {Excellent horsemanship.} 29. Ba7 (29. Rb6 $11 Qc7 30. Rxe6 (30. Kxh2 $2 {too greedy.} Nxf1+ 31. Kg2 Nxe3+ 32. Qxe3 Nc4 $19) (30. Bxb5 $2 axb5 31. Nc5 Qxb6 $19) 30... fxe6 31. Bb6) 29... Qa8 30. Rc2 Rd1 $2 {[%mdl 8192] [#]} (30... Nxf1 $17 {keeps the pressure on.} 31. Kxf1 Bf4) 31. Be2 $18 Nxe2 32. Qxe2 Rd7 33. Be3 {[%cal Ba7e3,Be3f4,Bf4g3][%mdl 32] Prevents Bf4} Qb8 34. f4 ({Don't take} 34. Kxh2 Nxg4+ 35. Kh1 Nxe3 36. Qxe3 h5) 34... Nc4 35. Kxh2 g5 36. e5 {Threatens to win with Nc5.} Qd8 37. fxg5 Rd5 38. Bf4 Qb6 39. Bg3 Qd8 40. h4 Rd3 41. Nc5 Re3 42. Qf2 Qd1 {[#]} (42... Qd5 $142 43. Rxc4 (43. Nxa6 Rf3 $18) 43... Rf3) 43. Rxc4 $1 Re2 44. Rf4 {[%cal Of4f7] And now Rxf7! would win.} Rxf2+ 45. Rxf2 Qxg4 46. Nd7 {Intending Nf6+ and mate.} Qd1 47. Nf6+ Kg7 48. a3 Qd4 49. Kh3 Qd1 50. Kh2 {Dodges Qh1+} (50. Ne8+ $142 Kf8 51. Nd6) 50... Qd4 $1 51. Ne8+ Kg6 52. Rf6+ Kh5 53. Ng7+ Kg4 54. Rf4+ Qxf4 55. Bxf4 Kxf4 {KN-KP} 56. Kh3 Kxe5 57. Kg4 Kd4 {[#]} 58. Nxe6+ $1 {[%mdl 512] White mates.} fxe6 (58... Kc4 59. Nd8) 59. h5 Ke5 60. h6 Kd5 {Weighted Error Value: White=0.26 (precise) /Black=0.45.  Loses game:     	---       	Black=1      Mistake:       	White=5     	Black=1      Inaccurate:     	White=2     	Black=6      OK:         	White=15    	Black=8      Best:        	---       	Black=1      Strong:       	White=1     	Black=1} 1-0

[Event "Coimbra Queima Fitas Open 2024"]
[Site "Coimbra"]
[Date "2024.04.27"]
[Round "4.17"]
[White "Paiva, Manuel Maria Fonseca"]
[Black "Farias, David Nuno Moita Est"]
[Result "0-1"]
[ECO "B23"]
[WhiteElo "1807"]
[BlackElo "2194"]
[Annotator "NA RC"]
[PlyCount "76"]
[EventDate "2024.04.23"]
[EventType "swiss"]
[EventCountry "POR"]
[SourceTitle "playchess.com"]
[Source "ChessBase"]
[SourceQuality "1"]
[TimeControl "5400+30"]

1. e4 c5 2. Nc3 d6 3. f4 g6 4. Nf3 Bg7 5. Bc4 Nc6 6. O-O e6 7. d4 {[%emt 0:01:57] B23: Closed Sicilian: Lines without g3.} cxd4 8. Nb5 Nge7 9. Bb3 a6 10. Nbxd4 O-O 11. c3 Na5 12. Bc2 e5 13. Ne2 Qb6+ 14. Kh1 f6 15. Ng3 Be6 ({Black should try} 15... Qc7 $1 $14) 16. b3 (16. f5 $16 Bf7 17. Ng5) 16... Qc7 17. f5 gxf5 18. exf5 Bf7 19. Ng5 Rac8 20. Nxf7 ({White should play} 20. Qg4 $18 Kh8 21. Bd2) 20... Rxf7 21. Rf3 Kh8 22. Ba3 Rd8 (22... d5 $16) 23. Ne4 Nc8 24. Rh3 Bf8 25. Qd5 b5 $18 26. Rg3 Bg7 27. Rd1 Nb7 28. c4 Nb6 29. Qd2 bxc4 30. Bxd6 Qc6 31. Qb4 a5 32. Qe1 Nxd6 33. Rh3 Bf8 34. Qh4 Nxf5 35. Qh5 Rxd1+ 36. Bxd1 Qxe4 37. Be2 Qb1+ 38. Bd1 Rd7 0-1

[Event "Coimbra Queima Fitas Open 2024"]
[Site "Coimbra"]
[Date "2024.04.27"]
[Round "4.18"]
[White "Ferreira, Vasco Capitao Mendes"]
[Black "Monteiro, Paulo Alexandre Gome"]
[Result "0-1"]
[ECO "B40"]
[WhiteElo "1802"]
[BlackElo "2122"]
[Annotator "NA RC"]
[PlyCount "73"]
[EventDate "2024.04.23"]
[EventType "swiss"]
[EventCountry "POR"]
[SourceTitle "playchess.com"]
[Source "ChessBase"]
[SourceQuality "1"]
[TimeControl "5400+30"]

1. e4 c5 2. Nf3 e6 3. d4 cxd4 4. Nxd4 d6 5. Nc3 a6 6. f4 Nd7 7. Be3 Ngf6 8. Qf3 Qc7 (8... e5 $11) 9. O-O-O {[%emt 0:08:06] B82: Sicilian Scheveningen: 6 f4.} (9. g4 $14) 9... b5 10. Bd3 (10. a3 $11) 10... Bb7 (10... b4 $15 11. Na4 Bb7) 11. g4 b4 12. Nce2 Nc5 13. Ng3 Rc8 (13... h5 $15 14. gxh5 Nxd3+ 15. Rxd3 Rc8) 14. Kb1 Be7 15. h4 (15. g5 $14 Nfd7 16. h4) 15... O-O (15... d5 $1 $11 16. e5 Nfe4) 16. g5 Nfd7 17. Ndf5 exf5 18. Nxf5 Rfe8 19. Nh6+ $2 (19. Rhg1) 19... gxh6 20. gxh6 Bf6 21. Qg3+ Kf8 22. Bd4 Bxd4 23. e5 $19 Nxd3 24. Qg7+ Ke7 25. Qg5+ Ke6 26. Qg4+ Kd5 27. Qf3+ Kc5 28. Qxd3 dxe5 29. c3 bxc3 30. bxc3 Qb6+ 31. Ka1 Kc6 32. Rb1 Qc5 33. Qe4+ Kd6 34. fxe5+ Rxe5 35. Qxd4+ Qxd4 36. cxd4 Rb5 37. Rxb5 0-1

[Event "Coimbra Queima Fitas Open 2024"]
[Site "Coimbra"]
[Date "2024.04.27"]
[Round "5.1"]
[White "Martin Duque, Jesus"]
[Black "Gama, Edivaldo Pereira Da"]
[Result "1/2-1/2"]
[ECO "B38"]
[WhiteElo "2336"]
[BlackElo "2109"]
[Annotator "TA"]
[PlyCount "46"]
[EventDate "2024.04.23"]
[EventType "swiss"]
[EventCountry "POR"]
[SourceTitle "playchess.com"]
[Source "ChessBase"]
[SourceQuality "1"]
[TimeControl "5400+30"]

1. e4 g6 2. d4 c5 3. Nf3 Bg7 4. c4 cxd4 5. Nxd4 Nc6 6. Be3 Nf6 7. Nc3 d6 8. Be2 O-O 9. O-O Bd7 10. h3 Nxd4 11. Bxd4 Bc6 12. Qc2 a6 13. b4 Rc8 14. Rad1 {White is more active. White is slightly better.} Qc7 15. a4 b5 16. axb5 (16. cxb5 $5 axb5 17. axb5 Bxe4 18. Qb3 $11) 16... axb5 17. c5 ({Don't take} 17. cxb5 Bxe4 18. Qb3 Bb7 $14) 17... Qb7 (17... dxc5 {is interesting.} 18. bxc5 Rfd8 19. Bxb5 Ng4) 18. Bf3 Rfd8 (18... dxc5 $1 $11 19. Bxc5 Rfd8) 19. cxd6 $14 Rxd6 20. e5 Bxf3 21. exd6 {[#]} (21. gxf3 $16 {is forced if you want to stay better.} Rxd4 22. Rxd4) 21... Bxd1 (21... Bxg2 $17 22. Qd3 Bxf1 23. Qxf1 exd6 24. Qxb5 Qxb5 25. Nxb5 Rc4) 22. Rxd1 $11 exd6 23. Qd3 Rc4 {Weighted Error Value: White=0.29 (precise) /Black=0.27 (precise) .  Mistake:       	White=1     	Black=2      Inaccurate:     	White=3     	Black=1      OK:         	White=1     	Black=3      Best:        	White=1     	Black=1} 1/2-1/2

[Event "Coimbra Queima Fitas Open 2024"]
[Site "Coimbra"]
[Date "2024.04.27"]
[Round "5.2"]
[White "Sousa, Andre Ventura"]
[Black "Ryabukhin, Roman"]
[Result "1-0"]
[ECO "B12"]
[WhiteElo "2426"]
[BlackElo "2047"]
[Annotator "TA"]
[PlyCount "81"]
[EventDate "2024.04.23"]
[EventType "swiss"]
[EventCountry "POR"]
[SourceTitle "playchess.com"]
[Source "ChessBase"]
[SourceQuality "1"]
[TimeControl "5400+30"]

1. e4 c6 2. d4 d5 3. e5 Bf5 4. Nf3 e6 5. Be2 Ne7 6. O-O Nd7 7. c3 c5 8. dxc5 Nxc5 9. Nd4 a6 10. Na3 Bg6 {[%emt 0:03:18] The position is equal.} 11. h4 h6 12. h5 Bh7 13. b4 Nd7 (13... Ne4 {seems wilder.} 14. Qa4+ Qd7 15. Bb5 Nc6) 14. b5 a5 (14... Qc7 $5) 15. c4 Rc8 16. Bb2 Nb6 (16... dxc4 $14 17. Nxc4 Nd5) 17. Rc1 $16 {[%emt 0:06:52] White is more active.} Nf5 {[%emt 0:03:55] Dodges c5} 18. Nxf5 Bxf5 19. cxd5 exd5 20. Rxc8 (20. Nc2 $16) 20... Qxc8 $11 21. Nb1 (21. Qd2 $14 Bb4 22. Qf4) 21... Bc5 22. Nd2 O-O 23. Nb3 Bc2 24. Qd2 {[%emt 0:02:02] Strongly threatening Nxc5.} Bxb3 25. axb3 {[%emt 0:00:04][%cal Of1c1] Threatens to win with Rc1!} Qf5 26. Bd4 Bxd4 27. Qxd4 Qe6 {[%emt 0:00:33] This costs Black the game.} ({Better is} 27... Nd7 $14) 28. Rd1 $18 Re8 29. Bg4 f5 30. Bf3 Rd8 31. Qc3 Kh7 32. Qxa5 d4 $2 (32... Rc8 33. g3 Rc2) 33. Bxb7 Qxb3 34. Bf3 Qe6 35. Bc6 Qb3 $2 (35... Rb8 36. Rxd4 Qxe5) 36. Rf1 Rb8 37. Qa7 Qg8 {[%emt 0:00:01] [#]} 38. e6 $1 Nc4 (38... Rc8 39. e7) 39. e7 Nd2 {[%emt 0:01:26] [#]} 40. Qxb8 $3 Qxb8 41. e8=Q {[%emt 0:00:14] Weighted Error Value: White=0.14 (very precise) /Black=0.62.  Mistake:       	White=2     	Black=4      Inaccurate:     	White=2     	Black=3      OK:         	White=14    	Black=7      Best:        	White=2     	Black=2} 1-0

[Event "Coimbra Queima Fitas Open 2024"]
[Site "Coimbra"]
[Date "2024.04.27"]
[Round "5.3"]
[White "Pinsach Gelabert, Alexandre"]
[Black "Veiga, Jose Francisco R P N"]
[Result "0-1"]
[ECO "C45"]
[WhiteElo "2169"]
[BlackElo "2378"]
[Annotator "ChessBase"]
[PlyCount "96"]
[EventDate "2024.04.23"]
[EventType "swiss"]
[EventCountry "POR"]
[SourceTitle "playchess.com"]
[Source "ChessBase"]
[SourceQuality "1"]
[TimeControl "5400+30"]

1. e4 e5 2. Nf3 Nc6 3. d4 exd4 4. Nxd4 Bc5 5. Nxc6 Qf6 6. Qf3 Qxf3 7. gxf3 dxc6 8. Be3 Bxe3 9. fxe3 Be6 10. Rg1 Ne7 11. Nc3 Rd8 12. Ne2 g6 13. Nf4 Bd7 14. b4 f5 15. Bc4 fxe4 16. fxe4 Nc8 17. e5 Nb6 18. Bb3 Bf5 19. e4 Bxe4 20. Ne6 Rd7 21. Nc5 Re7 22. O-O-O Bd5 23. Nxb7 Rf8 24. Rge1 Rf4 25. Na5 Re6 26. c3 g5 27. Rd4 Rh6 28. Re2 Rh3 29. Kd2 Rxd4+ 30. cxd4 Bxb3 31. axb3 Nd5 32. Nxc6 Rxb3 33. Nxa7 Rb2+ 34. Ke1 Rxb4 35. Rd2 Kd7 36. Kf2 c6 37. Rc2 Ne7 38. Kf3 Rxd4 39. e6+ Kd6 40. Ra2 Rf4+ 41. Kg3 Kxe6 42. Re2+ Kd6 43. Rxe7 Kxe7 44. Nxc6+ Kd6 45. Nd8 Rf8 46. Nb7+ Kd5 47. Na5 Ra8 48. Nb7 Kc6 0-1

[Event "Coimbra Queima Fitas Open 2024"]
[Site "Coimbra"]
[Date "2024.04.27"]
[Round "5.4"]
[White "Serarols Mabras, Bernat"]
[Black "Novais, Carlos Joao Fernande"]
[Result "1/2-1/2"]
[ECO "A05"]
[WhiteElo "2361"]
[BlackElo "2101"]
[Annotator "TA"]
[PlyCount "99"]
[EventDate "2024.04.23"]
[EventType "swiss"]
[EventCountry "POR"]
[SourceTitle "playchess.com"]
[Source "ChessBase"]
[SourceQuality "1"]
[TimeControl "5400+30"]

1. Nf3 Nf6 2. c4 g6 3. d4 d6 4. Bf4 Nbd7 5. Nc3 Bg7 6. e3 O-O 7. Be2 b6 8. O-O Bb7 9. Qc2 Re8 10. Rfd1 Nh5 11. Bg5 h6 12. Bh4 g5 13. Nd2 Nhf6 (13... Ndf6 $11 {remains equal.}) 14. Bg3 $16 e5 15. dxe5 dxe5 16. Rac1 Qe7 17. a3 Nf8 18. b4 a5 19. Qb3 axb4 20. axb4 Bc6 {[%emt 0:00:07] [#]} 21. c5 bxc5 $14 22. b5 Bd7 23. Na4 {[%emt 0:06:22] White is more active.} (23. Qc2 $14) 23... Be6 $11 {[%emt 0:08:22] The position is equal.} 24. Bc4 N6d7 25. Bxe6 Nxe6 26. f3 Kh8 27. Qc2 f5 28. Bf2 f4 29. Ne4 fxe3 30. Bxe3 Nd4 31. Bxd4 exd4 32. Naxc5 Nxc5 33. Qxc5 Qxc5 34. Rxc5 Re5 35. Rxc7 Rxb5 36. Rc2 Rba5 37. g3 Ra2 38. Rcd2 Kh7 39. Nc5 Bf6 40. Ne6 Rxd2 41. Rxd2 {[%emt 0:00:09][%mdl 4096] Endgame. KRB-KRN} Ra4 42. Nc5 Ra3 43. Kg2 Kg6 44. Ne4 Be5 45. Rc2 Ra6 46. Nf2 Kf5 47. Kf1 Ra3 48. Kg2 Ra6 49. Kf1 Ra3 50. Kg2 {[%emt 0:02:18] Weighted Error Value: White=0.07 (flawless) /Black=0.07 (flawless) .  Mistake:       	White=2     	Black=1      Inaccurate:     	White=2     	Black=3      OK:         	White=20    	Black=12     Best:        	White=1     	Black=2} 1/2-1/2

[Event "Coimbra Queima Fitas Open 2024"]
[Site "Coimbra"]
[Date "2024.04.27"]
[Round "5.5"]
[White "Martins, Bruno Andre Leite"]
[Black "Martins, Bruno Andre Leite"]
[Result "*"]
[WhiteElo "2360"]
[BlackElo "2360"]
[Annotator "RC"]
[PlyCount "38"]
[EventDate "2024.04.23"]
[EventType "swiss"]
[EventCountry "POR"]
[SourceTitle "playchess.com"]
[Source "ChessBase"]
[SourceQuality "1"]
[TimeControl "5400+30"]

1. e4 e6 2. d4 d5 3. Nd2 c5 4. Ngf3 cxd4 5. exd5 Qxd5 6. Bc4 Qd6 7. O-O Nf6 8. Nb3 Nc6 9. Nbxd4 Nxd4 10. Qxd4 Qxd4 11. Nxd4 Bd7 12. Bb3 Bc5 13. Be3 Rc8 14. h3 O-O 15. Rfe1 Rfd8 16. Rad1 h6 17. c3 Kf8 18. Nc2 a5 19. a4 Ne4 *

[Event "Coimbra Queima Fitas Open 2024"]
[Site "Coimbra"]
[Date "2024.04.27"]
[Round "5.5"]
[White "Simoes, Miguel Caldeira"]
[Black "Martins, Bruno Andre Leite"]
[Result "1/2-1/2"]
[ECO "C07"]
[WhiteElo "2084"]
[BlackElo "2360"]
[Annotator "TA"]
[PlyCount "120"]
[EventDate "2024.04.23"]
[EventType "swiss"]
[EventCountry "POR"]
[SourceTitle "playchess.com"]
[Source "ChessBase"]
[SourceQuality "1"]
[TimeControl "5400+30"]

1. e4 e6 2. d4 d5 3. Nd2 c5 4. Ngf3 cxd4 5. exd5 Qxd5 6. Bc4 Qd6 7. O-O Nf6 8. Nb3 Nc6 9. Nbxd4 Nxd4 10. Qxd4 Qxd4 11. Nxd4 Bd7 12. Bb3 {[%emt 0:03:41] C07: French Tarrasch: 3...c5, 4 Ngf3 and 4 exd5 Qxd5.} Bc5 13. Be3 Rc8 14. h3 O-O 15. Rfe1 Rfd8 16. Rad1 h6 17. c3 Kf8 18. Nc2 a5 $146 ({Predecessor:} 18... Ne4 19. Nd4 Be7 20. Bxh6 Nxc3 21. Bxg7+ Kxg7 22. bxc3 Rxc3 {½-½ Matanovic,A-Petrosian,T ZSK International-07 Erevan 1965 (9)}) 19. a4 Ne4 20. Nd4 e5 21. Nf3 Bxe3 22. Rxe3 Nc5 23. Nxe5 Be8 $1 24. Rxd8 Rxd8 25. Bxf7 Bxf7 26. Rf3 $1 Rd5 27. Nxf7 (27. Rxf7+ $2 {perishes.} Ke8 28. Rxg7 (28. f4 Rxe5 29. Rxg7 Re1+ 30. Kh2 Rb1 $19) 28... Rxe5 $17) 27... Kg8 28. c4 Rd1+ 29. Kh2 Nxa4 30. Ne5 Nxb2 31. Rb3 Rd2 32. Rxb7 Rc2 $1 33. f4 (33. Ra7 $14) 33... Nxc4 $11 34. Nxc4 Rxc4 35. Ra7 a4 36. Kg3 Rc3+ 37. Kg4 a3 38. f5 Kf8 39. f6 gxf6 40. Kf5 Rg3 41. Kxf6 Ke8 42. Kf5 h5 43. Ke4 h4 44. Kd5 Kd8 45. Kc4 Ke8 46. Kd4 Kf8 47. Ke4 Rc3 48. Kf4 Rg3 49. Ke4 Ke8 50. Kd4 Rb3 51. Kc4 Rg3 52. Kd4 Kd8 53. Kc4 Kc8 54. Kb4 Rxg2 55. Rxa3 Rg3 56. Rc3+ Kd7 57. Kc4 $1 Ke6 58. Kd4 Kf5 59. Rxg3 hxg3 60. Ke3 g2 (60... Kg5 $5 61. Kf3 $8 Kf5 $11) 1/2-1/2

[Event "Coimbra Queima Fitas Open 2024"]
[Site "Coimbra"]
[Date "2024.04.27"]
[Round "5.6"]
[White "Goncalves, Lucas Jordao"]
[Black "Grimm, Daniel"]
[Result "0-1"]
[ECO "B67"]
[WhiteElo "1983"]
[BlackElo "2296"]
[Annotator "TA"]
[PlyCount "114"]
[EventDate "2024.04.23"]
[EventType "swiss"]
[EventCountry "POR"]
[SourceTitle "playchess.com"]
[Source "ChessBase"]
[SourceQuality "1"]
[TimeControl "5400+30"]

1. e4 c5 2. Nf3 d6 3. d4 cxd4 4. Nxd4 Nf6 5. Nc3 a6 6. Bg5 e6 7. Qd2 Bd7 8. O-O-O Nc6 9. f4 Qb6 10. g3 Nxd4 11. Qxd4 Qxd4 12. Rxd4 {[%emt 0:00:05] The position is equal.} Bc6 13. Bxf6 gxf6 14. Bh3 h5 15. f5 Ke7 16. Rhd1 {[%emt 0:01:19] [#]} h4 $1 {[%emt 0:13:13] Threatens to win with ...hxg3.} 17. g4 Bh6+ 18. Kb1 Bf4 {[%emt 0:01:07] A strong pair of Bishops.} 19. Nd5+ exd5 20. exd5 Bxh2 (20... Be5 21. dxc6 Bxd4 (21... Bxh2 $2 22. cxb7 Rab8 23. Rb4 $18) 22. cxb7 $15) 21. dxc6 bxc6 22. c4 Be5 23. R4d3 Rhb8 24. b3 a5 25. a3 Rg8 26. Kc2 Rab8 27. Rb1 Kd7 28. Rdd1 Kc7 29. Rd3 Bg3 30. b4 axb4 31. axb4 (31. Rxb4 {was worth a try.} Ra8 32. Rb1) 31... Ra8 $19 32. b5 Ra2+ 33. Rb2 Rxb2+ 34. Kxb2 cxb5 35. cxb5 {[%emt 0:00:05][%mdl 4096] Endgame. KRB-KRB} Kb6 36. Ra3 (36. Rb3 {was necessary.}) 36... Kxb5 37. Ra7 Kc4 38. Rxf7 Be5+ 39. Kc2 Kd4 {[%emt 0:00:43] aiming for ...Rc8+.} 40. Rh7 Rc8+ 41. Kd2 Bf4+ 42. Ke2 Rc2+ 43. Kf3 {[%emt 0:01:26] [#]} Bg5 (43... Bg3 44. g5 $11) 44. Bf1 Rc3+ 45. Kf2 Rg3 46. Ra7 Ke5 (46... Rxg4 $2 47. Ra4+ Ke5 48. Rxg4 $18) 47. Ra5+ d5 {[%emt 0:01:34] White must now prevent ...Be3+.} 48. Bc4 Rxg4 (48... Be3+ $19 49. Ke2 h3 (49... Rxg4 50. Bxd5 Rd4 51. Kxe3 $11) 50. Bxd5 Bg1 51. Bh1+ Kf4) 49. Bxd5 $17 {[%emt 0:00:07] And now Bf3+ would win.} Rd4 {[%emt 0:00:26] ( -> ...Rd2+)} (49... Kxf5 $2 {too greedy.} 50. Bf3+ Ke6 51. Bxg4+ $18) 50. Bg2+ Kf4 51. Bh3 $2 {[%emt 0:00:12] Loses the game.} (51. Ra3 $17) 51... Rd2+ $19 52. Kg1 $2 (52. Ke1 $19 Rd3 53. Bg2) 52... Kf3 {[%emt 0:00:51] Black mates.} 53. Ra3+ Be3+ 54. Kh1 Re2 55. Ra4 Re1+ (55... Kg3 56. Rg4+ Kf3 (56... Kxh3 57. Rg3+ hxg3 $11) 57. Bg2+ Kxg4 58. Bf3+ Kxf5 59. Bxe2 $17) 56. Kh2 Bg1+ 57. Kh1 Bf2+ {[%emt 0:00:08] Weighted Error Value: White=0.35/Black=0.08 (flawless) .  Loses game:     	White=1     	---        Mistake:       	White=3     	Black=1      Inaccurate:     	White=4     	---        OK:         	White=11    	Black=20     Best:        	White=5     	Black=6      Strong:       	---       	Black=1} 0-1

[Event "Coimbra Queima Fitas Open 2024"]
[Site "Coimbra"]
[Date "2024.04.27"]
[Round "5.7"]
[White "Pintor, Simao Maciel Abranch"]
[Black "Povshednyi, Ivan"]
[Result "1/2-1/2"]
[ECO "B12"]
[WhiteElo "2039"]
[BlackElo "2249"]
[Annotator "TA"]
[PlyCount "103"]
[EventDate "2024.04.23"]
[EventType "swiss"]
[EventCountry "POR"]
[SourceTitle "playchess.com"]
[Source "ChessBase"]
[SourceQuality "1"]
[TimeControl "5400+30"]

1. e4 c6 2. d4 d5 3. e5 Bf5 4. Nf3 e6 5. Be2 Ne7 6. O-O Ng6 7. c3 Nd7 8. a4 (8. Ne1 $14) 8... f6 $11 9. exf6 Qxf6 10. Na3 Bd6 11. Bg5 Qf7 12. Nh4 Nxh4 13. Bxh4 O-O 14. Nc2 e5 15. Bg3 Rae8 16. Ne3 Be4 17. Bh5 Bg6 18. Bf3 Bb8 19. c4 exd4 20. Bxb8 Nxb8 21. Qxd4 Be4 22. Be2 Qf6 (22... c5 $11 23. Qxc5 b6) 23. Qxf6 $14 ({Reject} 23. Qxa7 d4 (23... Qxb2 $2 24. Rae1 $19) 24. Ng4 Qd6 $15) 23... Rxf6 24. cxd5 cxd5 {[%emt 0:00:37] The position is equal.} 25. Rfd1 Nc6 26. Rd2 d4 27. Bc4+ Kf8 28. Nd5 Rd6 29. Nc7 Re7 30. Nb5 Rd8 31. Rad1 Red7 32. f3 (32. Be6 $5 Re7 $8 33. Bc4 $11) 32... Bf5 33. Bd3 Bxd3 34. Rxd3 a6 35. Na3 Ne5 36. R3d2 g5 37. Re1 Rd5 38. Re4 b5 39. axb5 axb5 40. Nc2 Nc4 41. Rdxd4 Nxb2 42. h4 gxh4 43. Rxh4 h5 44. Rhf4+ Kg8 45. Rxd5 Rxd5 $11 {[%emt 0:00:01][%mdl 4096] Endgame. KRN-KRN} 46. Nb4 Rc5 47. Kh2 Rc4 48. Kg3 Kg7 49. Nd5 Rxf4 50. Kxf4 Nd3+ 51. Kg5 Ne1 52. Kxh5 {Weighted Error Value: White=0.07 (flawless) /Black=0.06 (flawless) .  Mistake:       	White=1     	Black=1      Inaccurate:     	White=3     	Black=3      OK:         	White=17    	Black=20     Best:        	White=2     	Black=2} 1/2-1/2